 Dungeon Crawl Stone Soup version 0.27-a0-1513-g2aaa0cc67b (webtiles) character file.

Game seed: 1332920748027431555

12497 hilljack the Geomancer (level 11, -1/54 HPs)
             Began as a Gargoyle Earth Elementalist on July 10, 2021.
             Was a Follower of Vehumet.
             Slain by a seven-headed hydra (7 damage)
             ... on level 2 of the Lair of Beasts.
             The game lasted 00:26:21 (14458 turns).

hilljack the Geomancer (GrEE)                      Turns: 14458, Time: 00:26:22

Health: -1/54      AC: 20    Str: 11    XL:     11   Next: 94%
Magic:  20/23      EV: 11    Int: 24    God:    Vehumet [*.....]
Gold:   461        SH:  0    Dex: 10    Spells: 17/27 levels left

rFire    . . .     SeeInvis .   n - staff of earth
rCold    . . .     Faith    .   (no shield)
rNeg     + . .     Spirit   .   m - +1 leather armour
rPois    ∞         Reflect  .   d - +2 helmet "Boidomim" {Int+4}
rElec    +         Harm     .   j - scarf {repulsion}
rCorr    +         Rampage  .   (no gloves)
Will     .....                  (no boots)
Stlth    ++........             (no amulet)
HPRegen  0.18/turn              e - +4 ring of protection
MPRegen  0.18/turn              o - ring of resist corrosion

@: repel missiles
A: sickness immunity, AC +8, negative energy resistance 1, electricity
resistance, torment resistance 1, petrification resistance
a: Renounce Religion


You were on level 2 of the Lair of Beasts.
You worshipped Vehumet.
Vehumet was aware of your devotion.
You visited 3 branches of the dungeon, and saw 13 of its levels.
You also visited: Sewer.

You collected 461 gold pieces.

Inventory:

Hand Weapons
 l - a +2 spectral whip
 q - a +2 dagger of venom
Missiles
 c - 111 stones
 k - a curare-tipped dart
 s - a throwing net
Armour
 b - a +0 robe of cold resistance
 d - the +2 helmet "Boidomim" (worn) {Int+4}
   (You found it on level 6 of the Dungeon)

   Int:       It affects your intelligence (+4).
 j - a scarf of repulsion (worn)
 m - a +1 leather armour (worn)
 r - a +3 ring mail
 u - the +1 kite shield of Depression {-Tele rF+++ Stlth+}
   (You found it on level 9 of the Dungeon)

   rF:        It renders you almost immune to fire.
   -Tele:     It prevents most forms of teleportation.
   Stlth:     It makes you more stealthy.
 A - the +1 helmet of Jaustes {rC+}
   (You found it on level 1 of the Lair of Beasts)

   rC:        It protects you from cold.
 B - the +3 scale mail of Negation {rC+ SInv}
   (You found it on level 1 of the Lair of Beasts)

   rC:        It protects you from cold.
   SInv:      It lets you see invisible.
Magical Staves
 n - a staff of earth (weapon)
 t - a staff of fire
Jewellery
 e - a +4 ring of protection (left hand)
 o - a ring of resist corrosion (right hand)
Wands
 p - a wand of polymorph (4)
 v - a wand of flame (24)
Scrolls
 x - a scroll of identify
 y - a scroll of enchant weapon
 z - a scroll of amnesia
Potions
 a - 2 potions of flight
 f - 2 potions of might
 g - 4 potions of heal wounds
 h - a potion of brilliance
 i - a potion of resistance
 w - a potion of lignification


   Skills:
 - Level 6.0 Armour
 - Level 1.5 Dodging
 - Level 2.1 Stealth
 + Level 8.6 Spellcasting
 + Level 9.5 Conjurations
 + Level 7.6 Transmutations
 + Level 11.3 Earth Magic


You had 17 spell levels left.
You knew the following spells:

 Your Spells              Type           Power      Damage    Failure   Level
a - Sandblast             Erth           100%       2d20      1%          1
b - Passwall              Tmut/Erth      58%        N/A       1%          2
c - Stone Arrow           Conj/Erth      100%       3d13      1%          3
d - Petrify               Tmut/Erth      70%        N/A       1%          4

Your spell library contained the following spells:

 Spells                   Type           Power      Damage    Failure   Level
 Magic Dart               Conj           100%       1d8       1%          1
 Mephitic Cloud           Conj/Pois/Air  25%        N/A       6%          3
 Ignite Poison            Fire/Tmut/Pois 22%        N/A       9%          3
 Bolt of Magma            Conj/Fire/Erth 30%        4d14      12%         5
 Tukima's Dance           Hex            10%        N/A       24%         3
 Lightning Bolt           Conj/Air       16%        1d30      30%         5
 Yara's Violent Unravell  Hex/Tmut       14%        3d7       41%         5
 Airstrike                Air            5%         N/A       61%         4
 Passage of Golubria      Tloc           N/A        N/A       61%         4
 Summon Lightning Spire   Summ/Air       10%        N/A       61%         4


Dungeon Overview and Level Annotations

Branches:
Dungeon (10/15)            Temple (1/1) D:6            Lair (2/6) D:8
    Orc (0/2) D:10          Sewer (visited)
  Swamp: Lair:2-4    Shoals: Lair:2-4     Snake: Lair:2-4    Spider: Lair:2-4

Altars:
Ashenzari
Cheibriados
Dithmenos
Elyvilon
Fedhas
Gozag
Hepliaklqana
Kikubaaqudgha
Makhleb
Nemelex Xobeh
Okawaru
Qazlal
Ru
Sif Muna
Trog
Uskayaw
Vehumet
Wu Jian
Xom
Yredelemnul
Zin
The Shining One


Innate Abilities, Weirdness & Mutations

You are immune to sickness and miasma.
Your stone body is resilient. (AC +8)
You are immune to poison.
You resist negative energy. (rN+)
You are resistant to electric shocks. (rElec)
You are resistant to unholy torment.
You are immune to petrification.


Message History

The seven-headed hydra closely misses you.
The seven-headed hydra bites you.
The seven-headed hydra bites you but does no damage.
The seven-headed hydra barely misses you.
The seven-headed hydra closely misses you.
The seven-headed hydra barely misses you.
It was a potion of cancellation.
You feel magically purged.
The seven-headed hydra bites you but does no damage.
The seven-headed hydra barely misses you.
The seven-headed hydra closely misses you.
The seven-headed hydra bites you but does no damage. x2
The seven-headed hydra bites you. The seven-headed hydra bites you!
Aiming: Sandblast (safe; 1% risk of failure)
Press: ? - help, Q - select action, (/) - cycle Shift-Dir - straight line, f/p - seven-headed hydra
Aim: a seven-headed hydra (heavily wounded, 94% to hit)
You feel a surge of power!
The blast of sand hits the seven-headed hydra!
The seven-headed hydra is severely wounded.
The seven-headed hydra barely misses you.
The seven-headed hydra bites you but does no damage.
The seven-headed hydra closely misses you.
The seven-headed hydra bites you but does no damage.
The seven-headed hydra barely misses you.
The seven-headed hydra bites you. The seven-headed hydra misses you.
Aiming: Sandblast (safe; 1% risk of failure)
Press: ? - help, Q - select action, (/) - cycle Shift-Dir - straight line, f/p - seven-headed hydra
Aim: a seven-headed hydra (severely wounded, 94% to hit)
You feel a surge of power!
The blast of sand hits the seven-headed hydra!!
The seven-headed hydra is almost dead.
The seven-headed hydra bites you but does no damage.
The seven-headed hydra bites you. The seven-headed hydra bites you!
* * * LOW HITPOINT WARNING * * *
The seven-headed hydra bites you but does no damage.
The seven-headed hydra bites you.
* * * LOW HITPOINT WARNING * * *
The seven-headed hydra bites you.
* * * LOW HITPOINT WARNING * * *
The seven-headed hydra bites you!
You die...

#. ..#.. ##..#### .#
....P##...##.###.#
#..............#.#
#................#
##......P.P......#
.....$.P...P.....# #..
.................# ###.#
.......D@!.$......# #...##
...P..............#
.....###..#.P.......P.....#
....###..###......##......#
...#......##.....####.....#######
.........# ##...## #............
.........###...# ##........###.
..#.#......#..P# ##.......###
#.###..........# ##.........P#


You could see a seven-headed hydra.

Vanquished Creatures
  A two-headed ogre (D:7)
  Pikel (D:6)
  A cyclops (D:9)
  A black mamba (Lair:1)
  3 cane toads (Lair:1)
  A komodo dragon (Lair:1)
  5 blink frogs
  A polar bear (Lair:2)
  2 hornets
  Sigmund (D:6)
  14 yaks
  5 wyverns
  A basilisk (Lair:2)
  2 steam dragons (D:7)
  Edmund (D:6)
  7 water moccasins
  Duvessa (D:4)
  An ice beast (D:5)
  4 orc warriors
  3 black bears
  2 necrophages
  An ogre (D:6)
  5 wolves
  3 centaurs
  2 kobold brigands (D:6)
  6 bullfrogs
  6 scorpions
  A gnoll sergeant (D:9)
  A wyvern zombie (D:8)
  Dowan (D:4)
  5 wights
  A hound (D:6)
  A jelly (D:7)
  2 orc priests
  A gnoll shaman (D:7)
  Jessica (D:2)
  4 iguanas
  13 orc wizards
  A howler monkey zombie (D:9)
  12 gnolls
  2 river rats (Sewer)
  5 adders
  A shadow imp (D:4)
  A white imp (D:7)
  An ufetubus (D:4)
  A worm (D:3)
  24 orcs
  7 bats
  2 endoplasms (D:3)
  A giant cockroach (D:3)
  6 hobgoblins
  6 jackals
  22 kobolds
  4 quokkas
  5 ball pythons
  A frilled lizard (D:3)
  4 goblins
  7 rats
  A butterfly (Lair:2)
226 creatures vanquished.

Vanquished Creatures (collateral kills)
  An orc (D:5)
1 creature vanquished.

Vanquished Creatures (others)
  A kobold brigand (Sewer)
  An orc wizard (D:6)
  29 fungi
  29 plants
60 creatures vanquished.

Grand Total: 287 creatures vanquished

Notes
Turn   | Place    | Note
-------+----------+-------------------------------------------
     0 | D:1      | hilljack the Gargoyle Earth Elementalist began the quest
                  | for the Orb.
     0 | D:1      | Reached XP level 1. HP: 10/10 MP: 3/3
   182 | D:1      | Reached skill level 1 in Transmutations
   205 | D:1      | Reached XP level 2. HP: 15/15 MP: 3/5
   265 | D:1      | Found a faded altar of an unknown god.
   952 | D:1      | Reached skill level 1 in Armour
  1391 | D:2      | Noticed Jessica
  1394 | D:2      | Reached skill level 4 in Earth Magic
  1398 | D:2      | Killed Jessica
  1399 | D:2      | Reached XP level 3. HP: 8/19 MP: 4/6
  1982 | D:3      | Reached XP level 4. HP: 20/24 MP: 0/7
  2400 | D:3      | Reached XP level 5. HP: 26/28 MP: 1/9
  2405 | D:3      | Learned a level 2 spell: Passwall
  2409 | D:3      | Learned a level 3 spell: Stone Arrow
  2640 | D:3      | Found a basalt altar of Yredelemnul.
  3562 | D:4      | Found an ancient bone altar of Kikubaaqudgha.
  3655 | D:4      | Found a sparkling altar of Nemelex Xobeh.
  3656 | D:4      | Noticed Dowan
  3683 | D:4      | Killed Dowan
  3684 | D:4      | Reached skill level 1 in Conjurations
  3684 | D:4      | Reached skill level 5 in Earth Magic
  3684 | D:4      | Reached XP level 6. HP: 31/32 MP: 5/10
  3697 | D:4      | Noticed Duvessa
  3915 | D:4      | Killed Duvessa
  4391 | D:5      | Entered Level 5 of the Dungeon
  4638 | D:5      | Noticed a necrophage
  4641 | D:5      | Killed a necrophage
  4642 | D:5      | Reached XP level 7. HP: 36/36 MP: 8/12
  5082 | D:5      | Found a hazy altar of Hepliaklqana.
  5222 | D:6      | Reached skill level 6 in Earth Magic
  5292 | D:5      | Reached XP level 8. HP: 36/41 MP: 10/14
  5394 | D:6      | Found a staircase to the Ecumenical Temple.
  5463 | D:6      | Found a glowing drain.
  5472 | Sewer    | Entered a sewer
  5777 | Sewer    | Found a glowing silver altar of Zin.
  6028 | D:6      | Identified the +2 helmet "Boidomim" {Int+4}
  6094 | D:6      | Noticed Sigmund
  6096 | D:6      | Noticed Edmund
  6107 | D:6      | Killed Edmund
  6205 | D:6      | Killed Sigmund
  6206 | D:6      | Reached skill level 5 in Armour
  6370 | D:6      | Reached skill level 7 in Earth Magic
  6512 | D:6      | Reached skill level 5 in Spellcasting
  6512 | D:6      | Reached XP level 9. HP: 45/45 MP: 9/16
  6801 | D:6      | Reached skill level 5 in Conjurations
  6914 | D:6      | Noticed Pikel
  6967 | D:6      | Killed Pikel
  7195 | D:6      | Learned a level 4 spell: Petrify
  7570 | D:7      | Reached skill level 8 in Earth Magic
  7822 | D:7      | Reached skill level 5 in Transmutations
  8309 | D:7      | Found an opulent altar of Gozag.
  8365 | D:7      | Found an ornate altar of the Wu Jian Council.
  9187 | D:8      | Reached XP level 10. HP: 50/50 MP: 13/19
  9277 | D:8      | Noticed a two-headed ogre
  9282 | D:7      | Killed a two-headed ogre
  9374 | D:8      | Reached skill level 9 in Earth Magic
 10680 | D:8      | Found a staircase to the Lair.
 10904 | D:7      | Reached skill level 10 in Earth Magic
 10904 | D:7      | Reached XP level 11. HP: 44/54 MP: 8/22
 11203 | D:8      | Found a glowing golden altar of the Shining One.
 11330 | Temple   | Entered the Ecumenical Temple
 11546 | Temple   | Became a worshipper of Vehumet
 12287 | D:9      | Identified the +1 kite shield of Depression {-Tele rF+++
                  | Stlth+}
 12430 | D:9      | Noticed a cyclops
 12543 | D:9      | Killed a cyclops
 12683 | D:10     | Entered Level 10 of the Dungeon
 12785 | Lair:1   | Entered Level 1 of the Lair of Beasts
 13186 | Lair:1   | Reached * piety under Vehumet
 13186 | Lair:1   | Offered knowledge of Magic Dart by Vehumet.
 13383 | Lair:1   | Identified the +1 helmet of Jaustes {rC+}
 13564 | Lair:1   | Identified the +3 scale mail of Negation {rC+ SInv}
 13753 | Lair:2   | Reached skill level 11 in Earth Magic
 14449 | Lair:2   | Noticed a seven-headed hydra
 14458 | Lair:2   | Slain by a seven-headed hydra

Illustrated notes

Levels and vault maps discovered:
D:1:      roderic_chinese_lattice_arrival, layout_basic,
          ebering_ecumenical_altar_sacrificial
D:2:      layout_loops_cross, uniq_jessica
D:3:      layout_basic, general_overflow_altar, minmay_misc_feat_rows
D:4:      layout_loops_ring, mainiacjoe_overflow_chevrons,
          mainiacjoe_overflow_cross_hatched, chequers_jeans, uniq_duvessa
D:5:      layout_gridville, nzn_hepliaklqana_mist_gate,
          nicolae_underground_beach
D:6:      old_forge, layout_rooms, minmay_temple_entry_overgrown,
          portal_sewer_entry_d, sigmund_edmund_badplayer, uniq_pikel
D:7:      layout_loops_cross, mainiacjoe_overflow_two_lobes
D:8:      layout_rooms, mainiacjoe_overflow_alcove_1, minmay_lair_entry_grove,
          hex_large, minivault_11
D:9:      layout_roguey
D:10:     layout_loops_cross, orc_0_dummy
Temple:   regret_index_temple_generic_petals
Lair:1:   layout_long_grid, lemuel_fruit_tree
Lair:2:   nzn_winding_woodlands_small [nzn_winding_woodlands_5x15_parted,
          nzn_winding_woodlands_center_garden,
          nzn_winding_woodlands_5x15_sawtooth], layout_layer_cave,
          lemuel_fruit_fields, serial_bayou_shore_b, lemuel_fruit_fields

Skill      XL: |  1  2  3  4  5  6  7  8  9 10 11 |
---------------+----------------------------------+-----
Transmutations | 1 2 3 4 5 6 7 |  7.6
Armour         | 1 2 3 4 5 6 |  6.0
Earth Magic    | 4 5 6 7 8 10 11 | 11.3
Spellcasting   | 3 4 5 6 7 8 |  8.6
Conjurations   | 1 2 3 4 6 8 9 |  9.5
Dodging        | |  1.5
Stealth        | |  2.1

Action                   |  1- 3 |  4- 6 |  7- 9 | 10-12 || total
-------------------------+-------+-------+-------+-------++-------
Melee: Unarmed           |     1 |       |       |       ||     1
       Short sword       |    36 |    42 |       |       ||    78
       Staff             |       |    37 |   100 |     1 ||   138
 Cast: Sandblast         |    25 |    49 |    20 |    86 ||   180
       Stone Arrow       |       |       |   102 |    94 ||   196
  Use: Scroll            |     5 |     4 |     5 |     5 ||    19
       Potion            |       |     7 |     5 |     4 ||    16
 Stab: Sleeping          |       |     1 |       |       ||     1
       Distracted        |       |     1 |       |       ||     1
Armor: Robe              |    14 |       |       |       ||    14
       Leather armour    |     7 |    54 |   117 |    94 ||   272
       Skin              |       |    21 |       |       ||    21
Dodge: Dodged            |    30 |    61 |    80 |    93 ||   264
       Repelled          |       |       |     2 |       ||     2

Table legend: (Time is in decaauts)
 A = Elapsed time spent in this place.
 B = Non-inter-level travel time spent in this place.
 C = Inter-level travel time spent in this place.
 D = Time resting spent in this place.
 E = Time spent auto-exploring this place.
 F = Levels seen in this place.
 G = Mean time per level.
                   A        B        C        D        E       F      G
               +--------+--------+--------+--------+--------+-----+--------+
         Total |  14561 |  14025 |    536 |   4517 |   7562 |  14 | 1040.1 |
       Dungeon |  12227 |  11751 |    476 |   3848 |   6334 |  10 | 1222.7 |
        Temple |    233 |    190 |     43 |      0 |    189 |   1 |  233.0 |
          Lair |   1676 |   1660 |     16 |    542 |    869 |   2 |  838.0 |
         Sewer |    423 |    423 |      0 |    127 |    169 |   1 |  423.0 |
               +--------+--------+--------+--------+--------+-----+--------+

Top non-repeatable levels by time:
     D:7: 2278 daAuts
     D:6: 2204 daAuts
     D:8: 1335 daAuts
  Lair:1: 1322 daAuts
     D:4: 1252 daAuts
     D:3: 1060 daAuts
     D:1: 1058 daAuts
     D:2: 1026 daAuts
     D:9: 1022 daAuts
     D:5: 943 daAuts
   Sewer: 423 daAuts
  Lair:2: 353 daAuts
  Temple: 233 daAuts
    D:10: 45 daAuts
